 Dungeon Crawl Stone Soup version 0.31-a0-889-g1a8549509d (webtiles) character file.

Game seed: 1988654284135765719

2547615 Flugkiller the Middleweight Champion (level 27, 230/230 (232) HPs)
             Began as a Merfolk Warper on Oct 16, 2023.
             Was the Champion of Ru.
             Escaped with the Orb
             ... and 4 runes!
             The game lasted 01:27:38 (60754 turns).

Flugkiller the Middleweight Champion (MfWr)        Turns: 60754, Time: 01:27:39

HP:   230/230 (232) AC: 39    Str: 26    XL:     27
MP:   25/25         EV: 25    Int:  8    God:    Ru [******]
Gold: 6633          SH: 28    Dex: 19    Spells: 27/29 levels left

rFire   + .          .
                       - Unarmed
rCold   + . .        H - +8 tower shield
rNeg    + . .        (body armour currently unavailable)
rPois   ∞            (helmet restricted)
rElec   +            K - +0 cloak of Zepsea {Regen+ Dex+3 Stlth+}
rCorr   .            (gloves currently unavailable)
SInv    .            (boots currently unavailable)
Will    ++++.        X - necklace of Bloodlust {Fury *Rage Will++ Int-3 Slay+6} Stlth
                     p - ring of protection from fire
HPRegen 2.18/turn    J - ring of Nixt {rPois rC+ Str+6}
MPRegen 0.19/turn

%: clarity
@: statue-form, studying Polearms, lightly drained, very slow
A: slow and powerful, torment resistance 1, boosted hp, dopey 1, frail 2, no
stealth, inability to train armour, no air magic, no conjurations magic, no
transmutations magic, disrupted magic 1, unskilled 1, (nimble swimmer 2),
mertail, antennae 1, clarity, regeneration 1, weak 1, inability to read after
injury 1
0: Orb of Zot
}: 4/15 runes: serpentine, barnacled, silver, abyssal
a: Begin Untransformation, Renounce Religion, Draw Out Power, Power Leap,
Apocalypse


You escaped.
You worshipped Ru.
Ru was exalted by your worship.
You were a living statue of rough stone.
You visited 9 branches of the dungeon, and saw 47 of its levels.
You visited the Abyss 4 times.
You also visited: Ossuary.

You collected 7828 gold pieces.
You spent 1195 gold pieces at shops.

Inventory:

Missiles
 C - 5 throwing nets
 Z - 13 curare-tipped darts (quivered)
Armour
 j - the +0 helmet "Xarch" {Int+3}
   (You found it on level 4 of the Depths)

   Int+3:     It affects your intelligence (+3).
 r - the +0 hat of Inquiry {rC+++ MP+9 Str-3 Stlth-}
   (You found it on level 4 of the Depths)

   Str-3:     It affects your strength (-3).
   rC+++:     It renders you almost immune to cold.
   MP+9:      It affects your magic capacity (+9).
   Stlth-:    It makes you less stealthy.
 H - a +8 tower shield (worn)
   (You took it off a vault warden on level 1 of the Vaults)
 K - the +0 cloak of Zepsea (worn) {Regen+ Dex+3 Stlth+}
   (You bought it in a shop on level 4 of the Vaults)

   Dex+3:     It affects your dexterity (+3).
   Regen+:    It increases your rate of health regeneration.
   Stlth+:    It makes you more stealthy.
Jewellery
 e - the amulet "Qiemuipn" {Reflect Rampage rCorr SH+5}
   (You acquired it on level 3 of the Snake Pit)

   [amulet of reflection]

   Reflect:   It reflects blocked missile attacks.
   rCorr:     It protects you from acid and corrosion.
   SH+5:      It affects your SH (+5).
   Rampage:   It bestows one free step when moving towards enemies.
 m - a ring of willpower
   (You took it off a vault warden on level 5 of the Vaults)
 p - a ring of protection from fire (left fist)
   (You found it on level 3 of the Dungeon)
 v - the ring "Paibezef" {rPois Int+4 SInv}
   (You took it off a deep elf demonologist on level 5 of the Vaults)

   [ring of poison resistance]

   Int+4:     It affects your intelligence (+4).
   rPois:     It protects you from poison SInv: It lets you see invisible.
 J - the ring of Nixt (right fist) {rPois rC+ Str+6}
   (You found it on level 3 of the Elven Halls)

   [ring of strength]

   Str+6:     It affects your strength (+6).
   rC+:       It protects you from cold.
   rPois:     It protects you from poison
 S - the ring of the Lost Mauling Gods {rPois rC++ rCorr Int-3 Slay+4}
   (You found it on level 3 of the Elven Halls)

   [ring of resist corrosion]

   Int-3:     It affects your intelligence (-3).
   Slay+4:    It affects your accuracy & damage with ranged weapons and melee
   (+4).
   rC++:      It greatly protects you from cold.
   rPois:     It protects you from poison rCorr: It protects you from acid and
   corrosion.
 X - the necklace of Bloodlust (around neck) {Fury *Rage Will++ Int-3 Slay+6}
   (You took it off a vault sentinel on level 5 of the Vaults)

   [amulet of nothing]

   Fury:      It extends the wearer's berserk rage when killing foes.
   Int-3:     It affects your intelligence (-3).
   Slay+6:    It affects your accuracy & damage with ranged weapons and melee
   (+6).
   Will++:    It greatly increases your willpower.
   *Rage:     It berserks you when you make melee attacks (+50% chance).
Talismans
 M - a granite talisman (active)
   (You found it on level 8 of the Dungeon)
Wands
 b - a wand of iceblast (51)
   (You found it on level 6 of the Dungeon)
 u - a wand of paralysis (33)
   (You found it on level 1 of the Snake Pit)
 A - a wand of digging (24)
   (You found it on level 5 of the Dungeon)
 E - a wand of quicksilver (7)
   (You found it on level 3 of the Shoals)
 V - a wand of mindburst (45)
   (You found it on level 2 of the Lair of Beasts)
Scrolls
 o - 4 scrolls of fog
 t - 11 scrolls of teleportation
 x - 6 scrolls of revelation
 z - 3 scrolls of blinking
 D - a scroll of summoning
 G - 8 scrolls of immolation
 I - 5 scrolls of vulnerability
 O - 5 scrolls of silence
 P - 4 scrolls of poison
 T - 2 scrolls of enchant armour
 W - 3 scrolls of fear
Potions
 a - 4 potions of invisibility
 c - a potion of magic
 d - 6 potions of might
 h - 8 potions of haste
 k - 9 potions of berserk rage
 n - 2 potions of resistance
 q - 11 potions of curing
 s - 2 potions of ambrosia
 w - 6 potions of heal wounds
 y - 6 potions of enlightenment
 B - 6 potions of mutation
 F - 5 potions of attraction
Miscellaneous
 f - a tin of tremorstones (2/2)
   (You found it on level 2 of the Lair of Beasts)
 g - a phial of floods
   (You found it on level 14 of the Dungeon)
 L - a box of beasts
   (You found it on level 8 of the Dungeon)


   Skills:
 + Level 20.2 Fighting
 - Level 14.0 Polearms
 - Level 0.8 Throwing
 - Level 20.0 Dodging
 - Level 15.0 Shields
 O Level 27 Unarmed Combat
 - Level 1.7 Spellcasting
 - Level 2.1 Translocations
 - Level 14.0 Evocations
 - Level 25.0 Shapeshifting


You had 27 spell levels left.
You knew the following spells:

 Your Spells              Type           Power      Damage    Failure   Level
r - Blink                 Tloc           8%         N/A       54%         2

Your spell library contained the following spells:

 Spells                   Type           Power      Damage    Failure   Level
 Lesser Beckoning         Tloc           8%         N/A       54%         2
 Freeze                   Ice            0%         1d3       71%         1
 Sandblast                Erth           0%         2d4       71%         1
 Gell's Gravitas          Tloc           4%         N/A       78%         3
 Teleport Other           Tloc           4%         N/A       78%         3
 Call Imp                 Summ           0%         N/A       83%         2
 Ensorcelled Hibernation  Hex/Ice        0%         N/A       83%         2
 Jinxbite                 Hex            0%         N/A       83%         2
 Volatile Blastmotes      Fire/Tloc      4%         2d10      89%         3
 Confusing Touch          Hex            0%         N/A       96%         3
 Frozen Ramparts          Ice            0%         1d1       96%         3
 Ozocubu's Armour         Ice            0%         N/A       96%         3
 Summon Guardian Golem    Hex/Summ       0%         N/A       96%         3
 Tukima's Dance           Hex            0%         N/A       96%         3
 Dimensional Bullseye     Hex/Tloc       1%         N/A       99%         4
 Manifold Assault         Tloc           4%         N/A       99%         4
 Passage of Golubria      Tloc           4%         N/A       99%         4
 Anguish                  Hex/Necr       0%         N/A       100%        4
 Animate Armour           Summ/Erth      0%         N/A       100%        4
 Cause Fear               Hex            0%         N/A       100%        4
 Dispel Undead            Necr           0%         3d6       100%        4
 Leda's Liquefaction      Hex/Erth       0%         N/A       100%        4
 Summon Ice Beast         Ice/Summ       0%         N/A       100%        4
 Agony                    Necr           0%         N/A       100%        5
 Metabolic Englaciation   Hex/Ice        0%         N/A       100%        5
 Summon Forest            Summ/Tloc      1%         N/A       100%        5
 Summon Mana Viper        Hex/Summ       0%         N/A       100%        5
 Death Channel            Necr           0%         N/A       100%        6
 Dispersal                Tloc           2%         N/A       100%        6
 Simulacrum               Ice/Necr       0%         N/A       100%        6
 Summon Cactus Giant      Summ           0%         N/A       100%        6
 Enfeeble                 Hex            0%         N/A       100%        7
 Haunt                    Necr/Summ      0%         N/A       100%        7
 Monstrous Menagerie      Summ           0%         N/A       100%        7
 Summon Hydra             Summ           0%         N/A       100%        7
 Borgnjor's Revivificati  Necr           0%         N/A       100%        8
 Discord                  Hex            0%         N/A       100%        8
 Disjunction              Tloc           2%         N/A       100%        8
 Death's Door             Necr           0%         N/A       100%        9
 Kiss of Death            Conj/Necr      Unusable   2d5       N/A         1
 Magic Dart               Conj           Unusable   1d3       N/A         1
 Sting                    Tmut/Pois      Unusable   1d3       N/A         1
 Cigotuvi's Dreadful Rot  Necr/Pois/Air  Unusable   N/A       N/A         2
 Passwall                 Tmut/Erth      Unusable   N/A       N/A         2
 Dazzling Flash           Conj/Hex       Unusable   N/A       N/A         3
 Hailstorm                Conj/Ice       Unusable   3d3       N/A         3
 Mephitic Cloud           Conj/Pois/Air  Unusable   N/A       N/A         3
 Stone Arrow              Conj/Erth      Unusable   3d7       N/A         3
 Swiftness                Air            Unusable   N/A       N/A         3
 Iskenderun's Mystic Bla  Conj/Tloc      Unusable   2d3       N/A         4
 Vhi's Electric Charge    Tloc/Air       Unusable   N/A       N/A         4
 Brom's Barrelling Bould  Conj/Erth      Unusable   2d3       N/A         4
 Freezing Cloud           Conj/Ice/Air   Unusable   6-21      N/A         5
 Iskenderun's Battlesphe  Conj           Unusable   2d6       N/A         5
 Silence                  Hex/Air        Unusable   N/A       N/A         5
 Bombard                  Conj/Erth      Unusable   9d1       N/A         6
 Conjure Ball Lightning   Conj/Air       Unusable   3x3d6     N/A         6
 Eringya's Noxious Bog    Tmut/Pois      Unusable   4d6       N/A         6
 Starburst                Conj/Fire      Unusable   6d3       N/A         6
 Orb of Destruction       Conj           Unusable   9d5       N/A         7
 Spellforged Servitor     Conj/Summ      Unusable   N/A       N/A         7
 Lehudib's Crystal Spear  Conj/Erth      Unusable   10d2      N/A         8
 Maxwell's Capacitive Co  Air            Unusable   ∞         N/A         8

Dungeon Overview and Level Annotations

Branches:
Dungeon (15/15)            Temple (0/1) D:7            Lair (5/5) D:9
 Shoals (4/4) Lair:2        Snake (4/4) Lair:3        Slime (0/5) Lair:5
    Orc (2/2) D:11            Elf (3/3) Orc:2        Vaults (5/5) D:13
  Crypt (0/3) Vaults:2     Depths (4/4) D:15            Zot (5/5) Depths:4
Ossuary (visited)

Altars:
Cheibriados
Elyvilon
Gozag
Kikubaaqudgha
Ru
Sif Muna
Trog
Vehumet
Xom
Yredelemnul
Jiyva
Lugonu

Shops:
D:3 (   D:9 =   Orc:2 (!!:   Elf:1 [   Shoals:2 **   Snake:1 *   Vaults:1 [
Vaults:3 **=:(   Vaults:4 [

Portals:
Hell: Depths:1 Depths:2 Depths:3 Depths:4
Abyss: Orc:1 Depths:3
Pandemonium: Depths:1 Depths:2
Ziggurat: Depths:4
Trove: D:15 (give +4 ice dragon scales)

Annotations:
D:2 1 runed translucent door, Crazy Yiuf
D:3 exclusion: upstairs, Grinder
D:15 Roxanne
Lair:2 2 runed translucent doors, disskorpion's ghost, journeyman TrGl
Orc:1 2 transporters, Geasohic's ghost, journeyman VSSh
Vaults:4 1 transporter


Innate Abilities, Weirdness & Mutations

You are a living statue of rough stone.
Your actions are slow, but your melee attacks are powerful.
You are resistant to unholy torment.
Your maximum health is greatly increased.
Your equipment is partially melded.
You are immune to poison.
You are dopey. (Int -2)
You are very frail. (-20% HP)
You cannot be stealthy.
You cannot train Armour skill.
You cannot study or cast Air magic.
You cannot study or cast Conjurations magic.
You cannot study or cast Transmutations magic.
Your casting is slightly disrupted.
You are somewhat unskilled. (-1 Apt)
((You are very nimble when in or above water. (Stealth+, EV+, Speed+++)))
Your lower body shifts to a powerful aquatic tail in water.
You have a pair of small antennae on your head.
You possess an exceptional clarity of mind.
Your natural rate of healing is unusually fast.
You are weak. (Str -2)
You occasionally lose the ability to read scrolls when taking damage.


Message History

There is a stone staircase leading up here.
You climb upwards.
There is a stone staircase leading down here.
You see here a +0 leather armour.
There is a stone staircase leading up here.
You climb upwards.
There is a stone staircase leading down here.
You sense a monster nearby. 2 demonspawn black suns come into view.
You hear a chilling moan.
The demonspawn black sun shouts!
Deactivating autopickup; reactivate with Ctrl-A.
You miss something.
Unknown command.
You miss something.
The demonspawn black sun utters an invocation to Kikubaaqudgha.
The demonspawn black sun begins absorbing vital energies! x2
The demonspawn black sun begins to pray, but is stunned by your conviction!
Unknown command.
You closely miss something. You block something's attack.
You redirect the demonspawn black sun's attack!
The demonspawn black sun begins to pray, but is stunned by your conviction!
You block the demonspawn black sun's attack.
The demonspawn black sun calls down the wrath of Kikubaaqudgha upon you.
The bolt of negative energy misses you. Something barely misses you.
You block the demonspawn black sun's attack.
You hit something.
You redirect the demonspawn black sun's attack!
Something hits you but does no damage.
You block the demonspawn black sun's attack.
You pummel the demonspawn black sun like a punching bag!!!!
The demonspawn black sun is almost dead.
The demonspawn black sun begins to pray, but is stunned by your conviction!
You block something's attack.
The demonspawn black sun hits you but does no damage.
You pummel the demonspawn black sun!!
You kill the demonspawn black sun!
You pummel the demonspawn black sun!!
The demonspawn black sun is heavily wounded.
The demonspawn black sun completely misses you.
Something completely misses you.
A ynoxinul comes into view.
You squash something like an ant!!!
You block the demonspawn black sun's attack.
You block something's attack.
You squash the demonspawn black sun like an ant!!!!
You kill the demonspawn black sun!
Something barely misses you.
You squash something like an ant!!!
Reactivating autopickup.
You feel a bit more experienced.
You redirect the ynoxinul's attack!
The ynoxinul begins to attack, but is stunned by your conviction!
You block the ynoxinul's attack.
You pulverise the ynoxinul!!!!
You kill the ynoxinul!
No target in view!
Things that are here:
a +0 scale mail; a +0 dire flail An Orb Guardian comes into view.
The Orb Guardian is stunned by your conviction and fails to attack.
You block the Orb Guardian's attack.
There is an escape hatch in the ceiling here.
You block the Orb Guardian's attack. The Orb Guardian hits you!
A mysterious force pulls you upwards. The hatch slams shut behind you.
You pummel the Orb Guardian like a punching bag!!!!
You kill the Orb Guardian!
No target in view!
HP restored.
There is a stone staircase leading up here.
You climb upwards.
There is a stone staircase leading down, spattered with blood here.
Items here: )) [[.
There is a stone staircase leading up, spattered with blood here.
You climb upwards.
There is a stone staircase leading down here.
There is a stone staircase leading up here.
You climb upwards.
There is a stone staircase leading down here.
There is a stone staircase leading up here.
You climb upwards.
There is a stone staircase leading down here.
There is a stone staircase leading up here.
You climb upwards.
There is a stone staircase leading down here.
There is a stone staircase leading up here.
You climb upwards.
Level annotation: exclusion: upstairs, Grinder
There is a stone staircase leading down here.
There is a stone staircase leading up here.
You climb upwards.
Level annotation: 1 runed translucent door, Crazy Yiuf
There is a stone staircase leading down here.
There is a stone staircase leading up here.
You climb upwards.
There is a stone staircase leading down here.
You see here a +0 robe.
There is a staircase leading out of the dungeon here.
Unknown command.
Enter note: gg You have escaped!

..##.....# #......#
...#...#.# #.##.####
...#.#...###
#.##....#
#..#.......#
#####.#####.#
#..####.##.# #.....#
#.# #..#
#.##.####.###.# #.#
#..# #.##..........#
#.# #..#
#.###.........# #.#
#..# #.##......8...#
#.# #..#
#.##..........#####.#
...#
#...................#
#.##
####.....8....#######
#.# #....♣.....# #.#
##.........# #.#####
#.........# #.....#
#.........# #####.#
######.####


There were no monsters in sight!

Vanquished Creatures
  A seraph (Depths:1)
  3 dread liches
  4 orbs of fire
  3 ancient liches
  Mennas (Vaults:5)
  2 juggernauts
  4 Killer Klowns (Zot:5)
  Frederick (Vaults:4)
  Saint Roka (Vaults:1)
  Vashnia (Snake:4)
  3 caustic shrikes (Depths:4)
  13 golden dragons
  4 curse toes
  Nikola (Depths:1)
  2 Tzitzimimeh
  7 electric golems
  3 bone dragons (Abyss:3)
  Rupert (D:15)
  A shard shrike zombie (Abyss:3)
  Jorgrun (D:15)
  The ghost of Jullin the Slayer, an adept MiBe of Trog (Shoals:3)
  A Hell Sentinel (D:14)
  A walking earthen tome (Depths:4)
  26 Orb Guardians
  5 titans
  2 liches
  35 tentacled monstrosities
  2 deep elf blademasters (Elf:3)
  2 deep elf master archers (Elf:3)
  9 quicksilver dragons
  2 walking divine tomes (Depths:4)
  9 sphinxes
  An Executioner (D:14)
  7 tentacled starspawn (Abyss:3)
  An ancient champion (Vaults:2)
  Frances (D:13)
  A kraken (Shoals:4)
  The ghost of Wobrohak the Warrior, an adept HOMo of Beogh (Depths:4)
  Kirke (Snake:3)
  15 death cobs
  5 tengu reavers
  12 shadow dragons
  13 storm dragons
  A revenant (Abyss:3)
  Aizul (Snake:3)
  5 nagarajas
  4 draconian knights
  9 draconian monks
  20 vault wardens
  A fire giant (shapeshifter) (Vaults:5)
  5 deep elf sorcerers
  2 daevas
  10 fire giants
  6 frost giants
  4 ghost moths
  2 balrugs
  2 iron dragons (Vaults:5)
  2 deep elf elementalists (Elf:3)
  5 draconian scorchers
  Louise (Snake:1)
  2 angels (Depths:1)
  11 draconian shifters
  4 orc warlords
  11 draconian annihilators
  A cacodemon (Abyss:3)
  17 ironbound preservers
  3 draconian stormcallers
  3 war gargoyles
  The ghost of Tivuunur the Warrior, a journeyman MiFi of Gozag (D:14)
  11 green draconians
  19 very ugly things
  16 stone giants
  A formless jellyfish (Vaults:4)
  10 deep elf demonologists
  12 black draconians
  3 vampire knights
  15 purple draconians
  7 ironbound thunderhulks
  6 deep elf annihilators
  2 demonspawn black suns (D:10)
  12 red draconians
  10 white draconians
  A lorocyproca (D:10)
  6 dire elephants
  10 yellow draconians
  2 spark wasps
  7 deep elf death magi
  2 crystal guardians (Vaults:4)
  A merfolk javelineer (Shoals:4)
  15 ettins
  An eidolon (Vaults:2)
  Snorg (D:10)
  An ettin (shapeshifter) (Vaults:5)
  9 merfolk impalers
  3 jiangshi (Depths:2)
  4 great orbs of eyes
  11 fire dragons
  2 deep elf high priests
  A fire dragon (shapeshifter) (Depths:3)
  10 yaktaur captains
  A salamander tyrant (Snake:4)
  9 ice dragons
  3 spriggan air magi
  2 hydras
  9 rakshasas
  34 vault guards
  9 merfolk avatars
  5 ogre magi
  An anaconda (shapeshifter) (Vaults:3)
  2 peacekeepers (Vaults:4)
  6 ironbound frosthearts
  3 boulder beetles
  37 dancing weapons
  13 anacondas
  2 alligator snapping turtles
  6 merfolk aquamancers
  7 deep troll shamans
  4 catoblepae
  7 centaur warriors
  3 satyrs
  A sphinx skeleton (Vaults:5)
  11 tengu warriors
  A vampire mage (Depths:2)
  Urug (D:11)
  8 hell hogs
  9 two-headed ogres
  15 death yaks
  9 naga warriors
  12 thrashing horrors (Abyss:3)
  12 naga sharpshooters
  12 deep troll earth magi
  5 shock serpents
  Nergalle (Orc:2)
  3 spriggan berserkers
  Sonja (D:13)
  3 soul eaters (Depths:1)
  3 wretched stars (Abyss:3)
  3 spriggans (Depths:1)
  10 hell knights
  9 iron trolls
  9 skysharks
  A shadow wraith (Vaults:5)
  2 sun demons (Depths:1)
  18 deep elf knights
  6 skeletal warriors
  A shadow demon (Depths:1)
  3 sixfirhies
  A goliath frog (shapeshifter) (Vaults:1)
  55 deep trolls
  3 glowing orange brains
  11 naga ritualists
  4 flayed ghosts
  15 sea snakes
  13 lindwurms
  6 spatial maelstroms (Abyss:3)
  8 necromancers
  17 deep elf archers
  5 phantasmal warriors (Vaults:5)
  7 wizards
  22 deep elf zephyrmancers
  18 ironbound convokers
  12 mana vipers
  Pikel (D:5)
  29 harpies
  A shadow dragon zombie (Vaults:5)
  A manticore (shapeshifter) (Vaults:5)
  10 orc knights
  19 starcursed masses (Abyss:3)
  A harpy (shapeshifter) (Abyss:3)
  14 fauns
  10 cyclopes
  An oklob plant (Lair:1)
  40 ugly things
  33 deep elf pyromancers
  2 worldbinders (Abyss:3)
  6 orc sorcerers
  7 merfolk sirens
  7 salamanders
  3 stone giant zombies
  8 manticores
  2 will-o-the-wisps (Abyss:3)
  5 water nymphs
  8 guardian serpents
  Maurice (D:10)
  27 moths of wrath
  23 vault sentinels
  3 elephants (Lair:2)
  49 black mambas
  A guardian serpent (shapeshifter) (D:15)
  A gargoyle (D:13)
  12 cane toads
  2 apocalypse crabs (Abyss:3)
  11 naga magi
  6 smoke demons
  A yaktaur zombie (Vaults:3)
  23 large abominations
  An orange demon (Abyss:3)
  A kobold demonologist (D:7)
  A hellion (Abyss:3)
  Maggie (Lair:2)
  5 tormentors
  6 komodo dragons
  32 yaktaurs
  4 rime drakes
  Psyche (D:8)
  An unseen horror (D:12)
  An efreet (Abyss:3)
  A tengu conjurer (D:15)
  3 ancient zymes (Abyss:3)
  2 freezing wraiths (Vaults:5)
  A yaktaur skeleton (Vaults:4)
  2 polar bears
  31 merfolk
  3 trolls
  5 hornets
  A polar bear (shapeshifter) (D:14)
  5 wind drakes
  Prince Ribbit (D:5)
  12 blink frogs
  7 raiju (Abyss:3)
  22 dream sheep
  15 snapping turtles
  59 slime creatures
  2 ettin skeletons
  A flying skull (Elf:3)
  56 yaks
  10 small abominations (Abyss:3)
  3 basilisks
  A yak (shapeshifter) (D:13)
  4 ynoxinuls
  13 water elementals
  4 wraiths
  5 wyverns
  A shadow (Abyss:3)
  4 fire elementals
  3 hogs (Snake:3)
  3 humans (D:13)
  A steam dragon (Lair:2)
  7 neqoxecs (Abyss:3)
  A yaktaur simulacrum (Vaults:4)
  5 vampire mosquitoes
  A chaos spawn (Abyss:3)
  15 spatial vortices (Abyss:3)
  2 harpy simulacra (Abyss:3)
  39 nagas
  3 acid dragons
  Edmund (D:5)
  2 wargs (Vaults:1)
  A naga skeleton (Abyss:3)
  19 water moccasins
  3 floating eyes
  3 ice beasts
  3 black bears
  18 orc warriors
  3 sky beasts
  11 ogres
  2 boggarts (Depths:4)
  A wolf (D:13)
  13 centaurs
  4 lemures
  A phantom (D:4)
  3 kobold brigands
  3 human zombies
  4 earth elementals
  9 bullfrogs
  3 gnoll sergeants
  2 scorpions
  7 wights
  A human simulacrum (Vaults:3)
  A hornet simulacrum (D:8)
  13 killer bees
  3 howler monkeys
  4 electric eels
  A crimson imp (Abyss:3)
  A quasit (Abyss:3)
  7 jellies
  3 hounds
  2 gnoll boudas
  14 orc priests
  An iron imp (Abyss:3)
  2 sleepcaps
  Ijyb (D:5)
  4 hell rats (Lair:2)
  3 iguanas
  35 orc wizards
  A mummy (Ossuary)
  A gnoll (shapeshifter) (Depths:4)
  7 adders
  29 gnolls
  A shadow imp (D:7)
  8 white imps
  A howler monkey simulacrum (D:8)
  8 ufetubi
  A dart slug (D:2)
  65 orcs
  A spectral bat (Ossuary)
  2 ball pythons
  10 endoplasms
  A giant cockroach (D:3)
  12 gnoll zombies (Ossuary)
  8 goblins
  9 hobgoblins
  4 jackals (D:5)
  4 quokkas
  3 bats
  4 bat simulacra (Ossuary)
  2 frilled lizards (D:2)
  4 goblin simulacra (Ossuary)
  8 goblin zombies (Ossuary)
  3 hobgoblin zombies (Ossuary)
  4 kobolds
  2 kobold zombies (Ossuary)
  5 orc zombies (Ossuary)
  3 rats (D:3)
  5 rat simulacra (Ossuary)
  5 spectral goblins (Ossuary)
  2 spectral kobolds (Ossuary)
  3 spectral rats (Ossuary)
  6 starspawn tentacles (Abyss:3)
  7 tentacles
2310 creatures vanquished.

Vanquished Creatures (others)
  Mlioglotl (Snake:3)
  A lich (Vaults:5)
  A kraken (Shoals:1)
  A draconian knight (Zot:4)
  A fire giant (Depths:2)
  A vault warden (Vaults:3)
  An ironbound preserver (Vaults:5)
  2 draconian stormcallers
  A draconian shifter (Zot:3)
  A black draconian (Zot:4)
  A yellow draconian (Zot:3)
  An ettin (Depths:1)
  A fire dragon (Depths:4)
  3 deep elf knights (Elf:1)
  A salamander mystic (Snake:4)
  2 deep elf archers
  A naga ritualist (Snake:4)
  A deep troll (Depths:1)
  An ironbound convoker (Vaults:5)
  2 lindwurms
  2 wizards
  A harpy (Shoals:1)
  A deep elf zephyrmancer (Elf:2)
  A deep elf pyromancer (Elf:1)
  3 manticores
  A mana viper (Snake:1)
  A moth of wrath (Zot:4)
  An unseen horror (D:11)
  A cane toad (Lair:3)
  A yaktaur (Vaults:1)
  A blink frog (Lair:3)
  2 large abominations (Abyss:3)
  A spriggan (Depths:3)
  A human (Snake:3)
  2 yaks
  A wyvern (Lair:2)
  3 small abominations (Abyss:3)
  A centaur (D:13)
  A human skeleton (Vaults:5)
  An orc wizard (Vaults:1)
  An orc (Orc:2)
  2 foxfires (Abyss:3)
  115 spectral weapons
  14 starspawn tentacles (Abyss:3)
  17 tentacles
201 creatures vanquished.

Grand Total: 2511 creatures vanquished

Notes
Turn   | Place    | Note
-------+----------+-------------------------------------------
     0 | D:1      | Flugkiller the Merfolk Warper began the quest for the Orb.
     0 | D:1      | Reached XP level 1. HP: 16/16 MP: 3/3
   395 | D:1      | Reached XP level 2. HP: 22/22 MP: 5/5
  1155 | D:2      | Reached XP level 3. HP: 27/27 MP: 6/6
  1437 | D:2      | Learned a level 2 spell: Blink
  1644 | D:2      | Found a runed translucent door.
  1645 | D:2      | Noticed Crazy Yiuf
  1878 | D:3      | Reached XP level 4. HP: 34/35 MP: 7/7
  2077 | D:3      | Noticed Grinder
  2605 | D:3      | Gained mutation: You passively dampen the noise of your
                  | surroundings. [potion of mutation]
  2605 | D:3      | Gained mutation: Your mind is acute. (Int +4, Str/Dex -1)
                  | [potion of mutation]
  2605 | D:3      | Gained mutation: Your magical capacity is low. (-10% MP)
                  | [potion of mutation]
  2730 | D:3      | Reached XP level 5. HP: 41/42 MP: 7/7
  2936 | D:3      | Found Durphoit's Antique Weapon Emporium.
  3139 | D:4      | Reached skill level 5 in Polearms
  3139 | D:4      | Reached XP level 6. HP: 22/49 MP: 8/8
  3297 | D:4      | Reached skill level 5 in Dodging
  3340 | D:4      | Found a sand-covered staircase.
  3349 | Ossuary  | Entered an ossuary
  3915 | D:4      | Reached skill level 5 in Fighting
  3998 | D:4      | Reached XP level 7. HP: 32/56 MP: 9/9
  5218 | D:5      | Entered Level 5 of the Dungeon
  5218 | D:5      | Noticed Ijyb
  5227 | D:5      | Killed Ijyb
  5439 | D:5      | Reached skill level 1 in Evocations
  5676 | D:5      | Noticed Edmund
  5676 | D:5      | Noticed Pikel
  6069 | D:5      | Killed Edmund
  6070 | D:5      | Reached XP level 8. HP: 64/64 MP: 9/9
  6172 | D:5      | Noticed Prince Ribbit
  6207 | D:5      | Killed Prince Ribbit
  6542 | D:5      | Found a sacrificial altar of Ru.
  6648 | D:5      | Killed Pikel
  6829 | D:5      | Reached XP level 9. HP: 49/72 MP: 10/10
  7139 | D:5      | Became a worshipper of Ru the Awakened
  7322 | D:6      | Reached skill level 10 in Polearms
  8101 | D:7      | Gained mutation: You cannot train Armour skill. [Ru
                  | sacrifice]
  8101 | D:7      | Reached * piety under Ru
  8279 | D:7      | Reached skill level 10 in Dodging
  8301 | D:7      | Found a staircase to the Ecumenical Temple.
  8373 | D:7      | Noticed a kobold demonologist
  8396 | D:7      | Noticed an ice devil
  8406 | D:7      | Killed a kobold demonologist
  8856 | D:7      | Noticed a komodo dragon
  9022 | D:7      | Killed a komodo dragon
  9023 | D:7      | Reached XP level 10. HP: 29/80 MP: 11/11
  9812 | D:8      | Reached skill level 5 in Evocations
 10958 | D:8      | Found a shimmering blue altar of Sif Muna.
 11398 | D:8      | Found a bloodstained altar of Trog.
 11634 | D:8      | Paralysed by a hornet for 1 turns
 11714 | D:8      | Noticed a two-headed ogre
 11719 | D:8      | Killed a two-headed ogre
 11720 | D:8      | Reached XP level 11. HP: 48/89 MP: 12/12
 12038 | D:9      | Noticed Psyche
 12038 | D:9      | Noticed a two-headed ogre
 12059 | D:8      | Killed Psyche
 12060 | D:8      | Reached skill level 1 in Shapeshifting
 12146 | D:9      | Killed a two-headed ogre
 12147 | D:9      | Reached skill level 10 in Fighting
 12389 | D:9      | Found Viezamm's Jewellery Shop.
 12406 | D:9      | Gained mutation: You cannot study or cast Air magic. [Ru
                  | sacrifice]
 12406 | D:9      | Gained mutation: You cannot study or cast Transmutations
                  | magic. [Ru sacrifice]
 12406 | D:9      | Gained mutation: You cannot study or cast Conjurations
                  | magic. [Ru sacrifice]
 12406 | D:9      | Reached ** piety under Ru
 12661 | D:9      | Found a staircase to the Lair.
 12661 | D:9      | Noticed a death yak
 12678 | D:9      | Killed a death yak
 12895 | D:9      | Found a snail-covered altar of Cheibriados.
 12898 | D:9      | Found an opulent altar of Gozag.
 12901 | D:9      | Found a basalt altar of Yredelemnul.
 12904 | D:9      | Found a white marble altar of Elyvilon.
 12986 | D:9      | Noticed a death yak
 13013 | D:9      | Killed a death yak
 13197 | D:9      | Noticed a death yak
 13431 | D:9      | Killed a death yak
 13691 | D:10     | Entered Level 10 of the Dungeon
 13695 | D:10     | Identified the +0 buckler of the Blessed Realm {rElec rC+
                  | Dex+2}
 13786 | D:10     | Reached skill level 5 in Shapeshifting
 13800 | D:10     | Noticed a two-headed ogre
 13818 | D:10     | Killed a two-headed ogre
 13954 | D:10     | Noticed Snorg
 13972 | D:10     | Killed Snorg
 13973 | D:10     | Reached XP level 12. HP: 80/100 MP: 13/13
 14048 | D:10     | Noticed Maurice
 14059 | D:10     | Killed Maurice
 14093 | D:10     | Noticed a two-headed ogre
 14112 | D:10     | Killed a two-headed ogre
 14207 | D:10     | Identified the +8 plate armour "Iruidoegg" {Harm rCorr
                  | Stlth+}
 14596 | D:11     | Noticed Urug
 15192 | D:11     | Found a staircase to the Orcish Mines.
 15251 | D:11     | Killed Urug
 15790 | D:11     | Gained mutation: You are frail. (-10% HP) [Ru sacrifice]
 15790 | D:11     | Reached *** piety under Ru
 16247 | Lair:1   | Entered Level 1 of the Lair of Beasts
 17060 | Lair:1   | Noticed a skyshark
 17070 | Lair:1   | Killed a skyshark
 17508 | Lair:1   | Reached skill level 10 in Shapeshifting
 17671 | Lair:1   | Lost mutation: Your mind is acute. (Int +4, Str/Dex -1) [Ru
                  | sacrifice]
 17671 | Lair:1   | Gained mutation: You are dopey. (Int -2) [Ru sacrifice]
 17671 | Lair:1   | Reached **** piety under Ru
 17838 | Lair:2   | Reached XP level 13. HP: 83/99 MP: 14/14
 18292 | Lair:2   | Noticed Maggie
 18302 | Lair:2   | Killed Maggie
 18612 | Lair:2   | Found a large runed translucent door.
 18612 | Lair:2   | Found a large runed translucent door.
 18646 | Lair:2   | Found a staircase to the Shoals.
 19490 | Lair:2   | Noticed disskorpion's ghost (journeyman TrGl)
 20327 | Lair:3   | Found a staircase to the Snake Pit.
 21449 | Lair:4   | Identified the +7 flail "Takujafis" {freeze, Str+3 Int+3
                  | Stlth+}
 22095 | Lair:4   | Reached XP level 14. HP: 108/108 MP: 15/15
 22349 | Lair:5   | Entered Level 5 of the Lair of Beasts
 22357 | Lair:5   | Reached skill level 15 in Shapeshifting
 22478 | Lair:5   | Gained mutation: You cannot be stealthy. [Ru sacrifice]
 22478 | Lair:5   | Reached ***** piety under Ru
 22581 | Lair:5   | Reached skill level 1 in Unarmed Combat
 22607 | Lair:5   | Found a viscous altar of Jiyva.
 22608 | Lair:5   | Found a staircase to the Slime Pits.
 22962 | Lair:5   | Reached skill level 2 in Unarmed Combat
 23008 | Lair:5   | Reached skill level 3 in Unarmed Combat
 23099 | Lair:5   | Reached skill level 15 in Dodging
 23107 | Lair:5   | Reached skill level 4 in Unarmed Combat
 24472 | D:13     | Reached skill level 5 in Unarmed Combat
 24514 | D:13     | Noticed Frances
 24525 | D:13     | Killed Frances
 24526 | D:13     | Reached skill level 15 in Fighting
 24646 | D:13     | Noticed Sonja
 24656 | D:13     | Killed Sonja
 24772 | D:13     | Reached skill level 6 in Unarmed Combat
 24828 | D:13     | Reached XP level 15. HP: 116/116 MP: 16/16
 24959 | D:13     | Found a gate to the Vaults.
 25443 | D:14     | Reached skill level 7 in Unarmed Combat
 25780 | D:14     | Noticed Nessos
 25782 | D:14     | Found a runed translucent door.
 25783 | D:14     | Nessos changed into Nessos the deep troll
 25783 | D:14     | Noticed Nessos
 25784 | D:14     | Found a shimmering altar of Xom.
 25784 | D:14     | Noticed Tivuunur's ghost (journeyman MiFi)
 25788 | D:14     | Killed Nessos the deep troll
 25819 | D:14     | Killed Tivuunur's ghost
 25832 | D:14     | Gained mutation: You are somewhat unskilled. (-1 Apt) [Ru
                  | sacrifice]
 25832 | D:14     | Reduced skill Dodging to level 15
 25832 | D:14     | Reduced skill Unarmed Combat to level 6
 25832 | D:14     | Reduced skill Spellcasting to level 1
 25832 | D:14     | Reduced skill Evocations to level 5
 25933 | D:15     | Entered Level 15 of the Dungeon
 25954 | D:15     | Reached skill level 7 in Unarmed Combat
 26036 | D:15     | Found a staircase to the Depths.
 26280 | D:15     | Reached skill level 15 in Shapeshifting
 26437 | D:15     | Noticed Rupert
 26450 | D:15     | Killed Rupert
 26865 | D:15     | Noticed Roxanne
 26922 | D:15     | Found a radiant altar of Vehumet.
 27038 | D:15     | Found a portal to a secret trove of treasure.
 27151 | D:15     | Noticed Jorgrun
 27166 | D:15     | Killed Jorgrun
 27167 | D:15     | Reached skill level 15 in Fighting
 27167 | D:15     | Reached skill level 8 in Unarmed Combat
 27419 | Orc:1    | Entered Level 1 of the Orcish Mines
 27502 | Orc:1    | Gained mutation: Your casting is slightly disrupted. [Ru
                  | sacrifice]
 27502 | Orc:1    | Reached ****** piety under Ru
 27557 | Orc:1    | Reached XP level 16. HP: 122/122 MP: 16/16
 27731 | Orc:1    | Found a transporter.
 27823 | Orc:1    | Found a one-way gate to the infinite horrors of the Abyss.
 27823 | Orc:1    | Noticed Geasohic's ghost (journeyman VSSh)
 27824 | Orc:1    | Found a transporter.
 27894 | Orc:2    | Entered Level 2 of the Orcish Mines
 28069 | Orc:2    | Found Zini's Antique Weapon Shop.
 28110 | Orc:2    | Found an ancient bone altar of Kikubaaqudgha.
 28110 | Orc:2    | Noticed Nergalle
 28131 | Orc:2    | Killed Nergalle
 28143 | Orc:2    | Found Vequl's Distillery.
 28209 | Orc:2    | Found a radiant altar of Vehumet.
 28213 | Orc:2    | Bought a potion of mutation for 104 gold pieces
 28213 | Orc:2    | Bought a potion of resistance for 130 gold pieces
 28269 | Orc:2    | Found Aptoor's Distillery.
 28278 | Orc:2    | Found Kadix's Book Boutique.
 28280 | Orc:2    | Bought a potion of haste for 110 gold pieces
 28280 | Orc:2    | Bought a potion of haste for 110 gold pieces
 28280 | Orc:2    | Bought a potion of heal wounds for 55 gold pieces
 28530 | Orc:2    | Found a staircase to the Elven Halls.
 28686 | Orc:2    | Lost mutation: You passively dampen the noise of your
                  | surroundings. [potion of mutation]
 28686 | Orc:2    | Lost mutation: Your magical capacity is low. (-10% MP)
                  | [potion of mutation]
 28686 | Orc:2    | Gained mutation: You have hidden genetic potential. [potion
                  | of mutation]
 28686 | Orc:2    | Gained mutation: You are clumsy. (Dex -2) [potion of
                  | mutation]
 28686 | Orc:2    | Gained mutation: You have sharp fingernails. [potion of
                  | mutation]
 28991 | Snake:1  | Entered Level 1 of the Snake Pit
 29469 | Snake:1  | Reached skill level 9 in Unarmed Combat
 29587 | Snake:1  | Noticed Louise
 29598 | Abyss:3  | Cast into level 3 of the Abyss (Louise)
 29639 | Abyss:3  | Noticed a tentacled monstrosity
 29644 | Abyss:3  | Killed a tentacled monstrosity
 29725 | Abyss:3  | Noticed a bone dragon
 29749 | Abyss:3  | Killed a bone dragon
 29918 | Abyss:3  | Noticed a daeva
 29933 | Abyss:3  | Killed a daeva
 30149 | Snake:1  | Escaped the Abyss
 30155 | Snake:1  | Killed Louise
 30322 | Snake:1  | Found a transporter.
 30322 | Snake:1  | Found Obuenn's General Store.
 30367 | Snake:1  | Found a transporter.
 30563 | Snake:1  | Reached skill level 10 in Unarmed Combat
 30687 | Snake:1  | Bought a scroll of blinking for 127 gold pieces
 31500 | Snake:2  | Reached XP level 17. HP: 118/118 MP: 19/19
 32222 | Snake:3  | Noticed Aizul
 32232 | Snake:3  | Killed Aizul
 32292 | Snake:3  | Noticed Mlioglotl
 32307 | Snake:3  | Killed Mlioglotl
 32310 | Snake:3  | Gained mutation: Your natural rate of healing is unusually
                  | fast. [hidden potential]
 32536 | Snake:3  | Reached skill level 11 in Unarmed Combat
 32881 | Snake:3  | Noticed Kirke
 32896 | Snake:3  | Killed Kirke
 32970 | Snake:3  | Identified a scroll of acquirement
 32989 | Snake:3  | Acquired the amulet "Qiemuipn" {Reflect Rampage rCorr SH+5}
 33327 | Snake:4  | Entered Level 4 of the Snake Pit
 33648 | Snake:4  | Noticed a quicksilver dragon
 33659 | Snake:4  | Killed a quicksilver dragon
 33824 | Snake:4  | Got a serpentine rune of Zot
 33911 | Snake:4  | Reached XP level 18. HP: 139/139 MP: 20/20
 33951 | Snake:4  | Noticed Vashnia
 33985 | Snake:4  | Reached skill level 12 in Unarmed Combat
 34004 | Snake:4  | Killed Vashnia
 34101 | Snake:4  | Gained mutation: You possess an exceptional clarity of
                  | mind. [hidden potential]
 34101 | Snake:4  | Lost mutation: You have hidden genetic potential. [hidden
                  | potential expressed]
 34466 | Shoals:1 | Entered Level 1 of the Shoals
 35655 | Shoals:2 | Found Sextupya's General Store.
 35657 | Shoals:2 | Found Kegre's Specific Store.
 36324 | Shoals:2 | Reached skill level 13 in Unarmed Combat
 36324 | Shoals:2 | Reached XP level 19. HP: 146/146 MP: 21/21
 36396 | Shoals:3 | Noticed Jullin's ghost (adept MiBe)
 36407 | Shoals:3 | Found a runed translucent door.
 36550 | Shoals:3 | Killed Jullin's ghost
 37229 | Shoals:4 | Entered Level 4 of the Shoals
 37237 | Shoals:4 | Reached XP level 20. HP: 153/153 MP: 22/22
 37366 | Shoals:4 | Identified the +7 glaive of Pandemonium {heavy, rCorr Str-3
                  | Dex+2}
 37572 | Shoals:4 | Got a barnacled rune of Zot
 37615 | Shoals:4 | Reached skill level 14 in Unarmed Combat
 37713 | Shoals:4 | Identified the +0 robe of Ignis's Inspiration {Harm}
 37723 | Shoals:4 | Reached skill level 10 in Evocations
 37824 | Shoals:4 | Found the amulet of the Air {Inacc Air Fly rElec RMsl}
 38581 | Vaults:5 | Identified the of Weemm
 38581 | Crypt:3  | Identified the of Zioxty
 38581 | Crypt:3  | Identified the "Ydghur Kelups"
 38581 | Depths:1 | Identified the "Seom Qumn"
 38581 | Depths:4 | Identified the of Egan
 38581 | Elf:1    | Entered Level 1 of the Elven Halls
 38659 | Elf:1    | Found Tias's Armour Shoppe.
 39424 | Elf:2    | Reached skill level 15 in Unarmed Combat
 39703 | Elf:2    | Identified the +0 leather armour of Xom's Scorn {Dex+2
                  | Slay+2}
 39816 | Elf:2    | Found a runed translucent gate.
 39816 | Elf:2    | Found a runed translucent gate.
 39819 | Elf:2    | Found a runed translucent gate.
 40032 | Elf:3    | Identified the "Ruriva"
 40032 | Elf:3    | Entered Level 3 of the Elven Halls
 40164 | Elf:2    | Reached skill level 1 in Shields
 40221 | Elf:2    | Reached XP level 21. HP: 164/164 MP: 23/23
 41488 | Shoals:2 | Bought 3 scrolls of enchant weapon for 292 gold pieces
 42258 | Abyss:3  | Cast into level 3 of the Abyss (a deep elf sorcerer)
 42262 | Abyss:3  | Noticed a bone dragon
 42270 | Abyss:3  | Killed a bone dragon
 42271 | Abyss:3  | Reached skill level 5 in Shields
 42330 | Abyss:3  | Reached skill level 16 in Unarmed Combat
 42331 | Abyss:3  | Found a corrupted altar of Lugonu.
 42336 | Abyss:3  | Noticed a dread lich
 42348 | Abyss:3  | Killed a dread lich
 42351 | Abyss:3  | Found a corrupted altar of Lugonu.
 42351 | Abyss:3  | Noticed a bone dragon
 42361 | Abyss:3  | Killed a bone dragon
 42396 | Abyss:3  | Found a corrupted altar of Lugonu.
 42422 | Abyss:3  | Found a corrupted altar of Lugonu.
 42462 | Elf:3    | Escaped the Abyss
 42638 | Abyss:3  | Found a corrupted altar of Lugonu.
 42638 | Abyss:3  | Cast into level 3 of the Abyss (a deep elf demonologist)
 42762 | Abyss:3  | Found a corrupted altar of Lugonu.
 42859 | Abyss:3  | Reached skill level 17 in Unarmed Combat
 42890 | Elf:3    | Escaped the Abyss
 42908 | Elf:3    | Identified the ring of Nixt {rPois rC+ Str+6}
 42976 | Elf:3    | Identified the ring of the Lost Mauling Gods {rPois rC++
                  | rCorr Int-3 Slay+4}
 42982 | Elf:3    | Identified the +5 scale mail "Fywodi" {rPois rF+ Int-2}
 42987 | Elf:3    | Identified the +6 swamp dragon scales of Jogah {rPois
                  | Will+}
 43005 | Elf:3    | Identified the +6 arbalest of Equilibrium {elec, rC- Str+5
                  | Dex+6}
 43102 | Elf:3    | Acquired 1092 gold pieces
 43290 | Vaults:1 | Entered Level 1 of the Vaults
 43343 | Vaults:1 | Reached XP level 22. HP: 169/169 MP: 24/24
 44101 | Vaults:1 | Found Cuunisur's Armour Shoppe.
 44335 | Vaults:1 | Noticed Saint Roka
 44361 | Vaults:1 | Killed Saint Roka
 44482 | Vaults:1 | Reached skill level 18 in Unarmed Combat
 44507 | Vaults:1 | Reached skill level 10 in Shields
 45059 | Vaults:1 | Identified the +9 arbalest of the Bursting Boar {freeze,
                  | rC- rCorr MP+9 Str+3}
 45900 | Vaults:2 | Reached skill level 19 in Unarmed Combat
 46210 | Vaults:2 | Found a staircase to the Crypt.
 46221 | Vaults:2 | Paralysed by something for 3 turns
 46624 | Vaults:3 | Reached XP level 23. HP: 176/176 MP: 25/25
 46739 | Vaults:3 | Found Fyuhol's Jewellery Boutique.
 46782 | Vaults:3 | Found Noronyiwn's Assorted Antiques.
 47109 | Vaults:3 | Found Xeakh's Antique Weapon Boutique.
 47286 | Abyss:3  | Cast into level 3 of the Abyss (a wizard)
 47367 | Abyss:3  | Gained mutation: You are weak. (Str -2) [a cacodemon]
 47466 | Abyss:3  | Reached skill level 20 in Unarmed Combat
 47468 | Abyss:3  | Gained mutation: You are very frail. (-20% HP) [a neqoxec]
 47519 | Abyss:3  | Got an abyssal rune of Zot
 47637 | Vaults:3 | Escaped the Abyss
 47775 | Vaults:3 | Found Sitalaf's Book Emporium.
 47889 | Vaults:3 | Identified the +0 ring mail of the Untouchables {Int+2}
 48082 | Vaults:3 | Found Jizus's Assorted Antiques.
 48424 | Vaults:4 | Lost mutation: You are clumsy. (Dex -2) [potion of
                  | mutation]
 48424 | Vaults:4 | Lost mutation: You have sharp fingernails. [potion of
                  | mutation]
 48618 | Vaults:4 | Noticed Frederick
 48627 | Vaults:4 | Killed Frederick
 48883 | Vaults:4 | Reached skill level 15 in Shields
 49307 | Vaults:4 | Found Vynkennu's Armour Shop.
 49315 | Vaults:4 | Bought the +0 cloak of Zepsea {Regen+ Dex+3 Stlth+} for 267
                  | gold pieces
 49345 | Vaults:4 | Found a transporter.
 49346 | Vaults:4 | Found a radiant altar of Vehumet.
 49654 | Depths:1 | Entered Level 1 of the Depths
 49836 | Depths:1 | Reached XP level 24. HP: 115/151 MP: 19/25
 49867 | Depths:1 | Found a one-way gate leading to the halls of Pandemonium.
 50218 | Depths:1 | Found a shimmering altar of Xom.
 50249 | Depths:1 | Found a gateway to Hell.
 50333 | Depths:1 | Found a shimmering altar of Xom.
 50334 | Depths:1 | Found a shimmering altar of Xom.
 50334 | Depths:1 | Found a shimmering altar of Xom.
 50416 | Depths:1 | Noticed Nikola
 50428 | Depths:1 | Killed Nikola
 51586 | Depths:3 | Found a corrupted altar of Lugonu.
 51587 | Depths:3 | Found a snail-covered altar of Cheibriados.
 51746 | Depths:3 | Paralysed by a sphinx for 2 turns
 52543 | Depths:3 | Noticed a juggernaut
 52560 | Depths:3 | Killed a juggernaut
 52604 | Depths:4 | Entered Level 4 of the Depths
 52623 | Depths:4 | Noticed a juggernaut
 52629 | Depths:4 | Killed a juggernaut
 52641 | Depths:4 | Found a one-way gateway to a ziggurat.
 52644 | Depths:4 | Identified the +2 dagger "Raisin" {antimagic, rPois rF+
                  | rCorr Int+3}
 52724 | Depths:4 | Noticed a caustic shrike
 52725 | Depths:4 | Noticed a caustic shrike
 52725 | Depths:4 | Noticed a caustic shrike
 52728 | Depths:4 | Killed a caustic shrike
 52730 | Depths:4 | Killed a caustic shrike
 52736 | Depths:4 | Killed a caustic shrike
 52827 | Depths:4 | Paralysed by a floating eye for 2 turns
 52834 | Depths:4 | Reached XP level 25. HP: 137/168 MP: 25/25
 53373 | Depths:4 | Identified the orb of Reason {*Rage, *Corrode +Inv rElec
                  | rN+}
 53695 | Depths:4 | Found a runed translucent gate.
 53696 | Depths:4 | Found a runed translucent gate.
 53697 | Depths:4 | Found a runed translucent gate.
 53697 | Depths:4 | Identified the +1 troll leather armour of Oblivion {Will+
                  | Regen+ Dex+2}
 53698 | Depths:4 | Noticed Wobrohak's ghost (adept HOMo)
 53698 | Depths:4 | Identified the staff of Classification {Fragile +Blink
                  | rPois Str+3 SInv Poison}
 53711 | Depths:4 | Killed Wobrohak's ghost
 53734 | Depths:4 | Identified the +0 hat of Inquiry {rC+++ MP+9 Str-3 Stlth-}
 53737 | Depths:4 | Identified the +0 helmet "Xarch" {Int+3}
 53848 | Depths:4 | Found a gate to the Realm of Zot.
 54265 | Vaults:5 | Entered Level 5 of the Vaults
 54398 | Vaults:5 | Noticed a dread lich
 54404 | Vaults:5 | Killed a dread lich
 54413 | Vaults:5 | Identified the ring "Paibezef" {rPois Int+4 SInv}
 54791 | Vaults:5 | Reached XP level 26. HP: 166/166 MP: 25/25
 54882 | Vaults:5 | Noticed Mennas
 54893 | Vaults:5 | Killed Mennas
 54948 | Vaults:5 | Noticed an ancient lich
 54956 | Vaults:5 | Killed an ancient lich
 55047 | Vaults:5 | Got a silver rune of Zot
 55139 | Vaults:5 | Identified the +1 chain mail of the Tick {rElec rCorr}
 55179 | Vaults:5 | Reached skill level 21 in Unarmed Combat
 55217 | Vaults:5 | Identified the +5 scimitar of Viputiz {pain, rPois rF+ rN+
                  | Dex+2}
 55986 | Zot:1    | Entered Level 1 of the Realm of Zot
 56439 | Zot:1    | Reached skill level 22 in Unarmed Combat
 56844 | Zot:2    | Identified the of Ifus
 57105 | Zot:2    | Reached XP level 27. HP: 179/179 MP: 25/25
 57125 | Zot:2    | Reached skill level 23 in Unarmed Combat
 57738 | Zot:2    | Identified the +0 robe "Nimiu" {-Tele rPois rF+}
 57993 | Zot:3    | Noticed an orb of fire
 58000 | Zot:3    | Killed an orb of fire
 58009 | Zot:3    | Noticed an orb of fire
 58028 | Zot:3    | Killed an orb of fire
 58440 | Zot:3    | Reached skill level 24 in Unarmed Combat
 59462 | Zot:5    | Entered Level 5 of the Realm of Zot
 59785 | Zot:5    | Reached skill level 25 in Unarmed Combat
 59866 | Zot:5    | Noticed an ancient lich
 59867 | Zot:5    | Noticed an orb of fire
 59869 | Zot:5    | Gained mutation: You have a pair of small antennae on your
                  | head. [an orb of fire]
 59876 | Zot:5    | Killed an orb of fire
 59880 | Zot:5    | Killed an ancient lich
 59886 | Zot:5    | Noticed a dread lich
 59899 | Zot:5    | Killed a dread lich
 59899 | Zot:5    | Noticed an orb of fire
 59902 | Zot:5    | Gained mutation: You occasionally lose the ability to read
                  | scrolls when taking damage. [an orb of fire]
 59906 | Zot:5    | Killed an orb of fire
 59935 | Zot:5    | Noticed an orb of fire
 59942 | Zot:5    | Noticed an ancient lich
 59959 | Zot:5    | Killed an ancient lich
 59960 | Zot:5    | Reached skill level 26 in Unarmed Combat
 60177 | Zot:5    | Got the Orb of Zot
 60179 | Zot:5    | Noticed an orb of fire
 60339 | Depths:3 | Noticed Numparua the pandemonium lord
 60400 | Depths:1 | Noticed a seraph
 60408 | Depths:1 | Killed a seraph
 60471 | D:14     | Reached skill level 27 in Unarmed Combat
 60753 | D:1      | gg
 60754 | D:$      | Escaped with the Orb!

Illustrated notes

..##.....# #......#
...#...#.# #.##.####
...#.#...###
#.##....#
#..#.......#
#####.#####.#
#..####.##.# #.....#
#.# #..#
#.##.####.###.# #.#
#..# #.##..........#
#.# #..#
#.###.........# #.#
#..# #.##......8...#
#.# #..#
#.##..........#####.#
...#
#...................#
#.##
####.....8....#######
#.# #....♣.....# #.#
##.........# #.#####
#.........# #.....#
#.........# #####.#
######.####


Turn 60753 on D:1: gg

Levels and vault maps discovered:
D:1:      wander_arrival_lonely_grave, layout_loops_ring,
          grunt_decor_one_mirror, minmay_door_square
D:2:      layout_basic, uniq_crazy_yiuf_cottage
D:3:      layout_basic, serial_shops, shop, guppyfry_early_orc_mine,
          uniq_grinder
D:4:      dreamdust_elfheim, layout_basic, nicolae_ossuary_entry_ruins,
          hangedman_feature_mirror, chequers_serial_rivers_micro_b
D:5:      layout_cave_pools, mainiacjoe_overflow_alcove_4, kennysheep_dice,
          uniq_edmund, uniq_ijyb, uniq_prince_ribbit1, uniq_pikel
D:6:      layout_loops_corners
D:7:      layout_cave_pods, minmay_temple_entry_drinking_statues,
          minmay_liquid_box
D:8:      layout_loops_ring, lemuel_coloured_pillars_altar, tgw_sif, serial_ice,
          serial_ice_o, serial_ice_d, serial_ice_k, serial_ice_a,
          kennysheep_kite_vault
D:9:      layout_basic, grunt_temple_overflow_cloverleaf, dpeg_lair_monsters,
          serial_shops, nicolae_shop_temple_entry_statues_fountains, uniq_psyche
D:10:     layout_rooms, minmay_splitting_lines, uniq_maurice, uniq_snorg
D:11:     layout_loops_cross, orc_0_dummy, eino_jars, uniq_urug
D:12:     layout_rooms
D:13:     layout_basic, hellmonk_vaults_keyhole, serial_ice, serial_ice_l,
          serial_ice_e, serial_ice_b, serial_ice_f, uniq_frances, uniq_sonja
D:14:     layout_long_grid, ebering_ghost_xom, uniq_nessos
D:15:     hangedman_depths_entry_civil_slaughter, layout_small_grid,
          fiery_altar_vehumet, nicolae_trove_entry_isolated, uniq_roxanne,
          uniq_rupert, uniq_jorgrun
Lair:1:   layout_cave_pods, minmay_lair_oklob_bushes,
          nicolae_quartered_pool_medium
Lair:2:   layout_long_grid, elwin_shoals_entry_rocks,
          ebering_ghost_disaster_area, uniq_maggie
Lair:3:   layout_cave_pods, nicolae_snake_entry_squirm
Lair:4:   layout_regular_city, dreamdust_mushroom_princess, lemuel_old_faithful,
          infiniplex_staircase_pool_2
Lair:5:   evilmike_catoblepas_cave, layout_cave_pods,
          nicolae_slime_entry_slimehenge, serial_bayou_shore_b,
          serial_bayou_shore_a
Shoals:1: layout_shoals, portal_ice_cave_entry_pillars_1
Shoals:2: layout_shoals, nicolae_specific_store
Shoals:3: layout_shoals, hellmonk_ghost_happy_afterlife
Shoals:4: shoals_end_grunt_ice, layout_shoals, nicolae_shoals_lost_giant_hut
Snake:1:  layout_grid_maze, serial_shops, nicolae_shop_drivethru,
          grunt_ministairs_14, uniq_louise
Snake:2:  layout_grid_maze
Snake:3:  nicolae_snake_unarmed_stairs_patrol, layout_gridlike, uniq_kirke,
          uniq_aizul, uniq_mlioglotl
Snake:4:  hellmonk_snake_rune_quicksilver_temple, layout_cave_town, uniq_vashnia
Orc:1:    layout_diamond_mine, gammafunk_ghost_abyssal_escape,
          minmay_orc_temple_a
Orc:2:    kennysheep_orc_mage_school, layout_diamond_mine
Elf:1:    layout_geoelf_octagon, serial_shops, nicolae_shop_hallway_stairs,
          hangedman_elf_represent
Elf:2:    nicolae_elf_blades_splatter_lattice [mumra_blade_entry_dagger],
          layout_geoelf_octagon, nicolae_concentric_dashed_squares_mild
Elf:3:    grunt_elf_hall_asides, layout_loops_cross
Vaults:1: nicolae_vaults_tetromino_Z_2, dpeg_vaults_waves, v_misc_29,
          nicolae_vaults_apartment_1, nicolae_vaults_doubleplus_tesselated,
          ontoclasm_vaults_gateway, nicolae_vaults_big_ls,
          nicolae_vaults_ring_of_whatevers,
          nicolae_vaults_taking_the_gang_shopping,
          nicolae_vaults_more_shelving_2, nicolae_vaults_yaktaur_gun_rack,
          layout_vaults_omnigrid, uniq_saint_roka
Vaults:2: hangedman_vaults_locks, nicolae_vaults_offset_grid_hallway_4,
          v_alt_pattern_5, nicolae_vaults_storage_closets_3,
          nicolae_vaults_hexular_roomagon, minmay_crypt_entry_simple_plaza,
          v_misc_10, v_misc_28, nicolae_vaults_octothorpe,
          nicolae_vaults_little_ls, vaults_room_door_ring, layout_vaults_ring
Vaults:3: ontoclasm_vaults_claustrophobia, v_misc_28,
          nicolae_vaults_lopsided_apartments, nicolae_vaults_tetromino_Z_1,
          v_misc_31, v_misc_26, v_pattern_3, vaults_room_door_ring, v_misc_10,
          vaults_room_door_ring, nicolae_vaults_tetromino_Z_1,
          layout_vaults_chaotic_city, serial_shops, nicolae_shop_trees, shop,
          nicolae_shop_tiny_real_fake_doors, nicolae_shop_overgrown_old_shop,
          nicolae_shop_crystal
Vaults:4: nicolae_vaults_storage_room_glass, hangedman_vaults_corner_blocks,
          gammafunk_sealed_library, nicolae_vaults_mini_display_case,
          hangedman_vaults_river_flow, v_rooms_6, hangedman_vaults_cutoff,
          v_misc_18, nicolae_vaults_network_periphery,
          nicolae_vaults_trapezoid_lopsided_3, v_alt_pattern_1,
          grunt_vaults_hallway_short, layout_vaults_big_cross, serial_shops,
          shop_statue, uniq_frederick
Vaults:5: uniq_mennas
Depths:1: layout_cave_shapes, hellmouth_3, xom_redecorated,
          rand_demon_pan_entry_4, evilmike_minifort, uniq_nikola
Depths:2: kennysheep_blocky_room, layout_cave_pools, hangedman_coc_ice_floe,
          minmay_misc_feat_roman, serial_column_ruins, column_ruins_hut_water,
          column_ruins_open_medium, column_ruins_grid_1,
          column_ruins_corridor_straight, pan_entry
Depths:3: kennysheep_bubbly, layout_honeycomb, hell_entry,
          abyss_entry_flame_altar, cheibriados_altar_1, drop_trap,
          skrybe_limestone_x
Depths:4: grunt_zot_entry_pinwheel, layout_small_grid, enter_ziggurat_c,
          hell_entry, gammafunk_ghost_tricky_traps, minmay_multi_spiral
Zot:1:    kennysheep_room_grid, layout_cellular_growth, grunt_megastairs_2
Zot:2:    layout_gridlike, st_single_dragon_hoard_3, zot_minivault_1
Zot:3:    layout_basic
Zot:4:    layout_cathedral_of_symmetry
Zot:5:    layout_basic

Skill      XL: |  1  2  3  4  5  6  7  8  9 10 11 12 13 14 15 16 17 18 19 20 21 22 23 24 25 26 27 |
---------------+----------------------------------------------------------------------------------+-----
Polearms       | 3 4 5 6 8 11 12 14 12 14 | 14.0
Dodging        | 3 4 5 6 8 11 12 14 15 16 17 18 19 20 | 20.0
Fighting       | 3 4 5 6 7 8 9 11 13 14 15 15 16 17 18 20 | 20.2
Evocations     | 3 6 5 6 8 9 10 12 14 | 14.0
Shapeshifting  | 6 10 14 16 15 16 17 21 25 | 25.0
Unarmed Combat | 6 8 10 11 13 15 17 19 20 22 27 | 27.0
Throwing       | 0 |  0.8
Spellcasting   | 1 |  1.7
Shields        | 2 8 12 15 | 15.0
Translocations | |  2.1

Action                     |  1- 3 |  4- 6 |  7- 9 | 10-12 | 13-15 | 16-18 | 19-21 | 22-24 | 25-27 || total
---------------------------+-------+-------+-------+-------+-------+-------+-------+-------+-------++-------
  Melee: Spear             |   137 |   140 |       |       |       |       |       |       |       ||   277
         Trident           |       |   254 |   506 |   840 |   977 |  1545 |   735 |       |       ||  4857
         Punch             |       |     2 |    10 |     8 |       |       |       |       |       ||    20
         Tailslap          |       |       |     3 |     1 |     1 |    13 |    12 |       |       ||    30
         Demon trident     |       |       |       |       |       |       |   274 |   870 |       ||  1144
         Unarmed           |       |       |       |       |       |       |       |   526 |  1489 ||  2015
  Throw: Dart              |     3 |       |     1 |     2 |     6 |       |     3 |       |       ||    15
   Cast: Blink             |       |       |       |       |       |       |       |       |     2 ||     2
 Invoke: Sacrifice Durabil |       |       |     1 |       |       |       |       |       |       ||     1
         Sacrifice Arcana  |       |       |       |     1 |       |       |       |       |       ||     1
         Sacrifice Purity  |       |       |       |     1 |       |       |       |       |       ||     1
         Sacrifice Health  |       |       |       |     1 |       |       |       |       |       ||     1
         Power Leap        |       |       |       |       |     1 |       |     1 |       |     1 ||     3
         Reject Sacrifices |       |       |       |       |     1 |       |       |       |       ||     1
         Sacrifice Stealth |       |       |       |       |     1 |       |       |       |       ||     1
         Sacrifice Essence |       |       |       |       |     1 |       |       |       |       ||     1
         Sacrifice Skill   |       |       |       |       |     1 |       |       |       |       ||     1
         Apocalypse        |       |       |       |       |       |     2 |     2 |     7 |     9 ||    20
         Draw Out Power    |       |       |       |       |       |     1 |       |     1 |     1 ||     3
Ability: Begin Untransform |       |       |       |       |       |     1 |       |       |       ||     1
  Evoke: Wand              |       |       |    13 |     9 |     1 |     1 |       |     2 |       ||    26
         Box of beasts     |       |       |       |     2 |       |       |       |       |       ||     2
         Phial of floods   |       |       |       |       |     1 |     1 |     1 |       |       ||     3
         Tin of tremorston |       |       |       |       |       |     1 |     1 |       |     3 ||     5
    Use: Scroll            |       |     5 |     6 |    11 |     9 |     5 |    13 |     3 |    20 ||    72
         Potion            |       |     3 |     2 |     5 |       |     3 |       |     3 |     5 ||    21
   Stab: Sleeping          |     2 |     5 |     2 |       |     1 |       |       |       |       ||    10
         Distracted        |       |       |       |    13 |    26 |    30 |    22 |    20 |     8 ||   119
         Invisible         |       |       |       |     1 |     4 |    14 |       |     3 |     8 ||    30
         Petrified         |       |       |       |       |     2 |       |       |       |       ||     2
         Paralysed         |       |       |       |       |       |     7 |     3 |    17 |    19 ||    46
         Confused          |       |       |       |       |       |       |       |       |     2 ||     2
 Armour: Leather armour    |    52 |   150 |   236 |   191 |       |       |       |       |       ||   629
         Plate armour      |       |       |       |   163 |   150 |       |       |       |       ||   313
         Skin              |       |       |       |       |   282 |   553 |   368 |   548 |   957 ||  2708
  Dodge: Dodged            |    75 |   162 |   281 |   309 |   629 |  1453 |   652 |   718 |   963 ||  5242
  Block: Buckler           |       |       |       |    39 |   133 |   452 |   303 |    82 |       ||  1009
         Reflection        |       |       |       |       |       |    29 |    34 |    63 |    16 ||   142
         Tower shield      |       |       |       |       |       |       |       |  1182 |  1952 ||  3134
   Form: Statue            |       |       |       |       |     1 |     1 |       |     1 |       ||     3
         Dragon            |       |       |       |       |       |       |       |     1 |       ||     1

Table legend: (Time is in decaauts)
 A = Elapsed time spent in this place.
 B = Non-inter-level travel time spent in this place.
 C = Inter-level travel time spent in this place.
 D = Time resting spent in this place.
 E = Time spent auto-exploring this place.
 F = Levels seen in this place.
 G = Mean time per level.
                   A        B        C        D        E       F      G
               +--------+--------+--------+--------+--------+-----+--------+
         Total |  75584 |  66694 |   8890 |  12066 |  36963 |  52 | 1453.5 |
       Dungeon |  22276 |  19515 |   2761 |   6510 |   8588 |  15 | 1485.1 |
          Lair |   9002 |   7577 |   1425 |   2249 |   3961 |   5 | 1800.4 |
        Shoals |   4644 |   4197 |    447 |    400 |   2366 |   4 | 1161.0 |
     Snake Pit |   7036 |   6388 |    648 |    904 |   4034 |   4 | 1759.0 |
  Orcish Mines |   2583 |   1710 |    873 |     10 |   1263 |   2 | 1291.5 |
   Elven Halls |   4768 |   4010 |    758 |    436 |   2456 |   3 | 1589.3 |
        Vaults |  10130 |   9126 |   1004 |    426 |   6151 |   5 | 2026.0 |
        Depths |   6778 |   6166 |    612 |    394 |   4113 |   4 | 1694.5 |
           Zot |   5965 |   5607 |    358 |    297 |   3343 |   5 | 1193.0 |
         Abyss |   1855 |   1855 |      0 |    291 |    529 |   4 |  463.8 |
       Ossuary |    542 |    542 |      0 |    147 |    154 |   1 |  542.0 |
               +--------+--------+--------+--------+--------+-----+--------+

Top non-repeatable levels by time:
Vaults:1: 2662 daAuts
     D:8: 2277 daAuts
Vaults:3: 2263 daAuts
  Lair:5: 2185 daAuts
 Snake:2: 2153 daAuts
Depths:4: 2130 daAuts
  Lair:2: 2112 daAuts
    D:15: 2111 daAuts
    D:11: 2103 daAuts
Depths:1: 2045 daAuts
     D:9: 1993 daAuts
Vaults:5: 1930 daAuts
  Lair:1: 1918 daAuts
   Elf:2: 1860 daAuts
 Abyss:3: 1855 daAuts
